 Dungeon Crawl Stone Soup version 0.30-a0-1160-g6e42c06551 (webtiles) character file.

Game seed: 9852132587907185848

122979 Orangeyouglad the Bringer of Law (level 17, -1/139 HPs)
             Began as a Human Monk on Apr 26, 2023.
             Was the Champion of Zin.
             Slain by a wolf spider (7 damage)
             ... on level 3 of the Lair of Beasts.
             The game lasted 02:23:20 (32921 turns).

Orangeyouglad the Bringer of Law (Human Monk)      Turns: 32921, Time: 02:23:21

Health: -1/139     AC: 37    Str: 24    XL:     17   Next: 44%
Magic:  22/28      EV: 21    Int: 29    God:    Zin [******]
Gold:   1377       SH:  0    Dex: 20    Spells: 9/16 levels left

rFire   . . .        M - +7 staff of the Meek {protect, meekguard}
rCold   . . .        (shield currently unavailable)
rNeg    + . .        O - +5 ring mail of the Blue Moon {+Inv Int+4}
rPois   ∞            R - +2 hat {Int+3}
rElec   .            u - +2 cloak {Stlth+}
rCorr   .            o - +0 pair of gloves
SInv    .            E - +2 pair of boots of Analysis {rPois rN+ Stlth+}
Will    +....        e - amulet of regeneration
Stlth   +++          F - ring "Rothy" {rPois Int+5}
HPRegen 1.23/turn    n - +4 ring of slaying
MPRegen 0.21/turn

%: no passive effects
@: vitalised, under a protective aura, very slightly contaminated
A: no striking features
a: Renounce Religion, Evoke Invisibility, Recite, Vitalisation, Imprison,
Sanctuary, Donate Gold


You were on level 3 of the Lair of Beasts.
You worshipped Zin.
Zin was exalted by your worship.
You visited 6 branches of the dungeon, and saw 25 of its levels.
You visited the Abyss 1 time.
You visited 1 bazaar.
You also visited: Sewer and Gauntlet.

You collected 3096 gold pieces.
You spent 1254 gold pieces at shops.
You donated 465 gold pieces to Zin.

Inventory:

Hand Weapons
 c - a +3 lajatang of speed
 M - the +7 staff of the Meek (weapon) {protect, meekguard}
   (You found it on level 6 of the Dungeon)
Missiles
 f - 2 datura-tipped darts
 I - 29 poisoned darts
 J - 4 boomerangs (quivered)
 U - 13 javelins
 V - 4 curare-tipped darts
Armour
 o - a +0 pair of gloves (worn)
 u - a +2 cloak of stealth (worn)
 E - the +2 pair of boots of Analysis (worn) {rPois rN+ Stlth+}
   (You found it in a Gauntlet)

   rPois:     It protects you from poison.
   rN:        It protects you from negative energy.
   Stlth:     It makes you more stealthy.
 O - the +5 ring mail of the Blue Moon (worn) {+Inv Int+4}
   (You found it on level 10 of the Dungeon)

   Int:       It affects your intelligence (+4).
   +Inv:      It lets you turn invisible.
 R - a +2 hat of intelligence (worn)
 Y - a scarf of resistance
Jewellery
 a - a ring of resist corrosion
 e - an amulet of regeneration (around neck)
 n - a +4 ring of slaying (right hand)
 C - a ring of flight
 F - the ring "Rothy" (left hand) {rPois Int+5}
   (You found it on level 5 of the Lair of Beasts)

   [ring of poison resistance]

   Int:       It affects your intelligence (+5).
   rPois:     It protects you from poison.
 L - a +5 ring of evasion
Wands
 l - a wand of flame (13)
 p - a wand of paralysis (44)
 G - a wand of roots (11)
Scrolls
 b - 6 scrolls of immolation
 g - a scroll of poison
 i - 4 scrolls of amnesia
 q - a scroll of blinking
 s - 4 scrolls of teleportation
 w - 3 scrolls of fog
 y - a scroll of silence
 A - 2 scrolls of enchant weapon
 B - a scroll of vulnerability
 N - a scroll of brand weapon {unknown}
Potions
 h - a potion of cancellation
 j - 6 potions of flight
 m - a potion of mutation
 v - 6 potions of curing
 x - 8 potions of brilliance
 z - 5 potions of haste
 D - a potion of magic
 K - 3 potions of attraction
Miscellaneous
 k - a phantom mirror (inert)
 r - a phial of floods (inert)


   Skills:
 + Level 14.2 Fighting
 - Level 13.2(13.7) Polearms
 + Level 5.6(10.3) Staves
 - Level 6.0 Throwing
 + Level 12.6 Armour
 + Level 14.1 Dodging
 - Level 3.8 Summonings
 - Level 3.0 Air Magic
 + Level 3.4 Earth Magic
 - Level 15.0 Invocations


You had 9 spell levels left.
You knew the following spells:

 Your Spells              Type           Power      Damage    Failure   Level
a - Swiftness             Air            17%        N/A       12%         3
b - Animate Armour        Summ/Erth      42%        N/A       32%         4

Your spell library contained the following spells:

 Spells                   Type           Power      Damage    Failure   Level
 Call Imp                 Summ           44%        N/A       4%          2
 Passwall                 Tmut/Erth      8%         N/A       11%         2
 Magic Dart               Conj           0%         1d3       14%         1
 Necrotise                Necr           0%         1d4       14%         1
 Ensorcelled Hibernation  Hex/Ice        0%         N/A       22%         2
 Sublimation of Blood     Necr           0%         N/A       22%         2
 Stone Arrow              Conj/Erth      20%        3d8       22%         3
 Mephitic Cloud           Conj/Pois/Air  5%         N/A       28%         3
 Portal Projectile        Hex/Tloc       0%         N/A       38%         3
 Tukima's Dance           Hex            0%         N/A       38%         3
 Vampiric Draining        Necr           0%         2d6       38%         3
 Petrify                  Tmut/Erth      10%        N/A       56%         4
 Anguish                  Hex/Necr       0%         N/A       80%         4
 Cause Fear               Hex            0%         N/A       80%         4
 Agony                    Necr           0%         N/A       98%         5
 Blade Hands              Tmut           0%         N/A       98%         5
 Irradiate                Conj/Tmut      0%         3d11      98%         5
 Enfeeble                 Hex            0%         N/A       100%        7
 Lehudib's Crystal Spear  Conj/Erth      5%         10d3      100%        8


Dungeon Overview and Level Annotations

Branches:
Dungeon (15/15)            Temple (1/1) D:6            Lair (5/5) D:10
 Shoals (1/4) Lair:2       Spider (1/4) Lair:3        Slime (0/5) Lair:4
    Orc (2/2) D:12            Elf (0/3) Orc:2        Vaults (0/5) D:13
 Depths (0/4) D:15          Sewer (visited)         Gauntlet (visited)

Altars:
Ashenzari
Cheibriados
Dithmenos
Elyvilon
Fedhas
Gozag
Hepliaklqana
Kikubaaqudgha
Makhleb
Nemelex Xobeh
Okawaru
Qazlal
Ru
Sif Muna
Trog
Uskayaw
Vehumet
Wu Jian
Xom
Zin
The Shining One

Shops:
D:4 :   Orc:2 *(=[

Annotations:
Temple 2 transporters
Lair:2 Louise
Lair:4 exclusion: 3 oklob plants
Orc:1 1 runed translucent door, Zvl3's ghost, journeyman MiFi


Message History

The culicivora draws strength from your injuries!
Your animated ring mail closely misses the culicivora.
Your animated ring mail hits the culicivora!
You closely miss the wolf spider.
The wolf spider is severely wounded.
The redback misses you.
The wolf spider hits you but does no damage.
The wolf spider misses you.
The redback bites you but does no damage.
The wolf spider hits you but does no damage.
The wolf spider completely misses you. The redback completely misses you.
The culicivora closely misses you. The redback barely misses you.
The wolf spider hits you.
* * * LOW HITPOINT WARNING * * *
The wolf spider bites you but does no damage.
Your animated ring mail misses the culicivora.
Your animated ring mail hits the culicivora but does no damage.
The redback closely misses you.
You barely miss the wolf spider.
The wolf spider is severely wounded.
The wolf spider completely misses you. x2
The redback bites you but does no damage.
The culicivora barely misses you.
The redback bites you but does no damage.
The wolf spider hits you but does no damage.
The wolf spider bites you but does no damage.
The redback barely misses you.
The redback bites you but does no damage.
The wolf spider barely misses you. The wolf spider closely misses you.
You sock the wolf spider!
You kill the wolf spider!
The culicivora barely misses you.
Your animated ring mail hits the culicivora!
Your animated ring mail closely misses the culicivora.
The redback completely misses you.
The redback bites you but does no damage.
The wolf spider hits you!
* * * LOW HITPOINT WARNING * * *
The wolf spider bites you!
You die...

.......#.#####...#....##.......#
..........#.#..................##
.#...............##.####.#......#
..#...P...........###...###.#<.P#
.......(....###...^^##.## ##...##
.............###..^^^^## #...##
.............^^^#...^########...#
.#..##........^ss^...#...##.#...#
..#######......s@^..^...#.##...##
.## #P.^...s^s#†.....####..## .#
##....^[^##.......(.....# .#
#....#^##^..^.........#. .##
#....###^.............## ..#
##..^.###...^..........# ..##
##......#........#......#
.#.#####.......##..............#
......<....#.#..........#......#


You could see a wolf spider, a culicivora (ally target), 3 redbacks and a
friendly animated ring mail (summoned).

Vanquished Creatures
  A bone dragon (Abyss:3)
  Jorgrun (D:15)
  Gastronok (D:9)
  2 tentacled starspawn (Abyss:3)
  An emperor scorpion (D:15)
  A ghost moth (Spider:1)
  2 orc warlords (Orc:1)
  A broodmother (Lair:3)
  A dire elephant (D:15)
  A minotaur (Gauntlet)
  A spark wasp (Lair:3)
  A great orb of eyes (Gauntlet)
  3 vault guards
  A ghost crab (Gauntlet)
  An ogre mage (D:15)
  A catoblepas (Lair:5)
  14 hydras
  A death knight (D:15)
  7 centaur warriors
  4 death yaks (Lair:5)
  The ghost of elongatedgoose the Cleaver, a novice HOFi of Beogh (D:9)
  7 two-headed ogres
  2 boulder beetles
  A deep troll shaman (Lair:5)
  2 thrashing horrors
  7 tengu warriors
  2 orc high priests (Orc:2)
  Urug (D:10)
  A wretched star (Abyss:4)
  2 skysharks
  5 skeletal warriors
  A sixfirhy (Abyss:3)
  A sun moth (Spider:1)
  A glowing orange brain (Abyss:3)
  7 orc knights
  5 large abominations
  5 harpies (Lair:2)
  An orc sorcerer (Orc:2)
  2 ugly things
  4 wolf spiders (Lair:3)
  3 deep elf pyromancers
  3 oklob plants
  7 cyclopes
  6 manticores
  A guardian serpent (Abyss:3)
  13 elephants
  2 black mambas (Lair:4)
  An eye of devastation (shapeshifter) (D:13)
  2 demonic crawlers (Spider:1)
  A smoke demon (Abyss:3)
  4 gargoyles
  Maggie (D:7)
  10 cane toads
  An unseen horror (D:7)
  3 rime drakes
  5 kobold demonologists
  Psyche (D:9)
  10 komodo dragons
  2 tengu conjurers (D:13)
  An ancient zyme (Abyss:3)
  8 trolls
  A merfolk (Lair:2)
  6 tarantellas
  2 polar bears
  A raiju (Abyss:4)
  Grinder (D:3)
  2 hornets
  8 slime creatures
  6 dream sheep (Lair:4)
  10 blink frogs
  6 jumping spiders
  2 wraiths
  A shadow (D:12)
  5 culicivoras (Lair:3)
  4 wyverns
  3 water elementals (D:15)
  53 yaks
  A fire bat (Abyss:3)
  14 redbacks
  Eustachio (D:4)
  11 vampire mosquitoes
  3 steam dragons
  5 basilisks
  Edmund (D:6)
  6 wargs
  5 acid dragons
  Duvessa (D:7)
  A small abomination (Abyss:3)
  A meliai simulacrum (D:14)
  20 water moccasins
  30 orc warriors
  2 ice beasts
  7 black bears
  2 sky beasts
  7 ogres
  9 wolves
  5 centaurs
  11 kobold brigands
  9 bullfrogs
  2 scorpions
  A gnoll sergeant (D:9)
  6 wights
  14 killer bees
  4 howler monkeys
  3 electric eels
  6 jellies
  3 hounds
  2 gnoll boudas (D:5)
  10 orc priests
  Crazy Yiuf (D:3)
  18 orc wizards
  3 iguanas
  11 gnolls
  9 adders
  A white imp (D:6)
  3 ufetubi
  3 worms (D:2)
  3 dart slugs
  63 orcs
  2 ball pythons
  6 bats
  9 endoplasms
  4 giant cockroaches
  9 goblins
  6 hobgoblins
  4 jackals (Sewer)
  8 quokkas
  2 frilled lizards
  27 kobolds
  6 rats
  A lurking horror (Abyss:4)
  3 pillars of salt
705 creatures vanquished.

Vanquished Creatures (collateral kills)
  Agnes (D:14)
  A hydra (Lair:2)
  A tarantella (Lair:3)
  2 yaks (D:10)
  A jumping spider (Lair:3)
  An orc wizard (D:4)
  A gnoll (D:5)
  A shadow imp (D:5)
  3 orcs (D:4)
12 creatures vanquished.

Vanquished Creatures (others)
  A shadow (D:10)
  A yak (D:10)
  2 orc warriors
  Dowan (D:7)
  5 killer bees (D:11)
  2 orc wizards
  2 gnolls (D:5)
  A demonic plant (Abyss:3)
  113 fungi
  3 pillars of salt (Abyss:3)
  101 plants
  12 starspawn tentacles (Abyss:3)
244 creatures vanquished.

Grand Total: 961 creatures vanquished

Notes
Turn   | Place    | Note
-------+----------+-------------------------------------------
     0 | D:1      | Orangeyouglad the Human Monk began the quest for the Orb.
     0 | D:1      | Reached XP level 1. HP: 18/18 MP: 1/1
   210 | D:1      | Reached XP level 2. HP: 22/24 MP: 2/2
   377 | D:1      | Reached XP level 3. HP: 24/29 MP: 3/3
   778 | D:2      | Found a faded altar of an unknown god.
  1130 | D:2      | Reached XP level 4. HP: 37/37 MP: 4/4
  1965 | D:3      | Found a burning altar of Makhleb.
  2032 | D:3      | Noticed Grinder
  2295 | D:3      | Found a runed translucent door.
  2296 | D:3      | Noticed Crazy Yiuf
  2305 | D:3      | Killed Crazy Yiuf
  2306 | D:3      | Reached XP level 5. HP: 42/42 MP: 5/5
  2444 | D:3      | Paralysed by Grinder for 2 turns
  2446 | D:3      | Killed Grinder
  2447 | D:3      | Reached XP level 6. HP: 49/49 MP: 6/6
  2806 | D:4      | Reached XP level 7. HP: 46/55 MP: 7/7
  2927 | D:4      | Noticed Eustachio
  2964 | D:3      | Reached skill level 1 in Armour
  3150 | D:4      | Reached skill level 5 in Fighting
  3150 | D:4      | Reached skill level 5 in Polearms
  3154 | D:4      | Reached skill level 5 in Dodging
  3276 | D:4      | Found a snail-covered altar of Cheibriados.
  3457 | D:4      | Found Xyecw's Book Shop.
  3490 | D:5      | Entered Level 5 of the Dungeon
  3671 | D:5      | Reached XP level 8. HP: 45/63 MP: 8/8
  4002 | D:5      | Found a glowing drain.
  4006 | Sewer    | Entered a sewer
  4331 | D:5      | Reached skill level 1 in Throwing
  4671 | D:4      | Killed Eustachio
  4739 | D:6      | Reached XP level 9. HP: 63/69 MP: 9/9
  4874 | D:6      | Found a hide-covered altar of Uskayaw.
  4918 | D:6      | Found a staircase to the Ecumenical Temple.
  4930 | Temple   | Entered the Ecumenical Temple
  4930 | Temple   | Found a transporter.
  4930 | Temple   | Found a transporter.
  4932 | Temple   | Found a transporter.
  4932 | Temple   | Found a transporter.
  4950 | Temple   | Became a worshipper of Zin the Law-Giver
  4950 | Temple   | Reached * piety under Zin
  4950 | Temple   | Reached ** piety under Zin
  4950 | Temple   | Reached *** piety under Zin
  4952 | Temple   | Donated 174 gold pieces to Zin
  4988 | D:6      | Noticed Edmund
  5028 | D:6      | Killed Edmund
  5058 | D:6      | You fall into a shaft and drop 1 floor!
  5138 | D:7      | Noticed an unseen horror
  5151 | D:7      | Killed an unseen horror
  5212 | D:6      | Found a broken altar of Ashenzari.
  5247 | D:6      | Reached **** piety under Zin
  5517 | D:6      | Found the +7 staff of the Meek {protect, meekguard}
  5876 | D:7      | Noticed Dowan
  5879 | D:7      | Noticed Duvessa
  5881 | D:7      | Killed Dowan
  5901 | D:7      | Killed Duvessa
  5974 | D:7      | Found an opulent altar of Gozag.
  5974 | D:7      | Found a glowing golden altar of the Shining One.
  6027 | D:7      | Noticed Maggie
  6038 | D:7      | Killed Maggie
  6039 | D:7      | Reached skill level 1 in Staves
  6039 | D:7      | Reached skill level 5 in Armour
  6047 | D:7      | Reached XP level 10. HP: 50/79 MP: 10/10
  6931 | D:7      | Learned a level 3 spell: Swiftness
  7277 | D:8      | Reached ***** piety under Zin
  7459 | D:8      | Found a shadowy altar of Dithmenos.
  7835 | D:9      | Noticed a gargoyle
  8137 | D:9      | Found a runed translucent gate.
  8138 | D:9      | Found a runed translucent gate.
  8138 | D:9      | Noticed elongatedgoose's ghost (novice HOFi)
  8141 | D:9      | Found a runed translucent gate.
  8335 | D:9      | Killed a gargoyle
  8336 | D:9      | Reached skill level 5 in Throwing
  8505 | D:9      | Reached skill level 1 in Invocations
  8589 | D:9      | Noticed Gastronok
  8610 | D:9      | Killed Gastronok
  8611 | D:9      | Reached skill level 2 in Invocations
  8611 | D:9      | Reached XP level 11. HP: 81/86 MP: 10/12
  8682 | D:9      | Noticed Psyche
  8795 | D:10     | Entered Level 10 of the Dungeon
  8847 | D:10     | Identified the +5 ring mail of the Blue Moon {+Inv Int+4}
  8861 | D:10     | Noticed a boulder beetle
  8877 | D:10     | Killed a boulder beetle
  8878 | D:10     | Reached skill level 3 in Invocations
  9158 | D:9      | Killed Psyche
  9265 | D:10     | Found a shimmering altar of Xom.
  9288 | D:10     | Reached skill level 1 in Air Magic
  9293 | D:10     | Noticed Urug
  9312 | D:10     | Found a staircase to the Lair.
  9472 | D:10     | Reached skill level 4 in Invocations
  9538 | D:10     | HP: 3/87 [Urug/+5 halberd (10)]
  9899 | D:11     | Noticed a manticore
  9913 | D:11     | Noticed a two-headed ogre
  9938 | D:11     | Killed a manticore
  9952 | D:11     | Found a flickering gateway to a bazaar.
  9964 | Bazaar   | Entered a bazaar
 10040 | Bazaar   | Found Fewke's Antique Weapon Emporium.
 10040 | Bazaar   | Found Moato's Antique Armour Emporium.
 10073 | Bazaar   | Found Nobe's General Store.
 10073 | Bazaar   | Found Nenucug's Weapon Shoppe.
 10152 | Bazaar   | Bought a pair of gloves for 184 gold pieces
 10177 | Bazaar   | Bought a scroll of identify for 28 gold pieces
 10177 | Bazaar   | Bought a potion of curing for 42 gold pieces
 10228 | D:11     | Killed a two-headed ogre
 10363 | D:10     | Reached XP level 12. HP: 82/95 MP: 13/15
 10385 | D:10     | Reached skill level 5 in Invocations
 11655 | D:10     | Identified 2 scrolls of acquirement
 11658 | D:10     | Acquired a manual of Invocations
 11669 | D:10     | Acquired 619 gold pieces
 11760 | D:10     | Found a hazy altar of Hepliaklqana.
 11765 | D:10     | Noticed a Killer Klown
 11856 | Lair:1   | Entered Level 1 of the Lair of Beasts
 11993 | Lair:1   | Reached skill level 6 in Invocations
 12016 | Lair:1   | Reached ****** piety under Zin
 12526 | Lair:1   | Found a blossoming altar of Fedhas.
 12694 | Lair:2   | Noticed a seven-headed hydra
 12786 | Lair:2   | Found a staircase to the Shoals.
 12810 | Lair:2   | Reached skill level 10 in Polearms
 12816 | Lair:2   | Reached skill level 10 in Fighting
 12816 | Lair:2   | Reached skill level 7 in Invocations
 12960 | Lair:2   | Reached skill level 10 in Dodging
 13171 | Lair:2   | Killed a seven-headed hydra
 13183 | Lair:2   | Reached XP level 13. HP: 74/103 MP: 18/18
 13280 | Lair:2   | Reached skill level 8 in Invocations
 13365 | Lair:2   | Noticed a five-headed hydra
 13373 | Lair:2   | Killed a five-headed hydra
 13895 | Lair:3   | Found a hole to the Spider Nest.
 14182 | Lair:3   | Reached skill level 9 in Invocations
 14528 | Lair:3   | Noticed a seven-headed hydra
 14530 | Lair:3   | Noticed a five-headed hydra
 14540 | Lair:3   | Killed a seven-headed hydra
 14559 | Lair:3   | Killed a five-headed hydra
 14761 | Lair:3   | Noticed a four-headed hydra
 14761 | Lair:3   | Noticed a seven-headed hydra
 14786 | Lair:3   | Killed a four-headed hydra
 14988 | Lair:3   | Reached skill level 10 in Invocations
 15202 | Lair:3   | Killed a seven-headed hydra
 15630 | Lair:4   | Noticed a six-headed hydra
 15648 | Lair:4   | Killed a six-headed hydra
 15780 | Lair:4   | Reached XP level 14. HP: 113/113 MP: 22/22
 16145 | Lair:4   | Reached skill level 11 in Invocations
 16216 | Lair:4   | Found a staircase to the Slime Pits.
 16772 | Lair:5   | Entered Level 5 of the Lair of Beasts
 17402 | Lair:5   | Reached skill level 12 in Invocations
 18432 | Lair:5   | Reached skill level 10 in Armour
 18578 | Lair:5   | Identified the ring "Rothy" {rPois Int+5}
 19036 | D:10     | Killed Urug
 19326 | D:11     | Reached XP level 15. HP: 94/120 MP: 22/24
 19390 | D:12     | Reached skill level 13 in Invocations
 19753 | D:12     | Found a staircase to the Orcish Mines.
 20834 | D:13     | Reached skill level 14 in Invocations
 21071 | D:13     | Found a gate to the Vaults.
 21438 | D:14     | Found a gate leading to a gauntlet.
 21669 | Gauntlet | Entered a Gauntlet
 21669 | Gauntlet | Found a transporter.
 21672 | Gauntlet | Found a transporter.
 21689 | Gauntlet | Found a transporter.
 21692 | Gauntlet | Found a transporter.
 21712 | Gauntlet | Found a transporter.
 21725 | Gauntlet | Found a transporter.
 21738 | Gauntlet | Found a transporter.
 21755 | Gauntlet | Found a transporter.
 21759 | Gauntlet | Found a transporter.
 21767 | Gauntlet | Found a transporter.
 21790 | Gauntlet | Found a transporter.
 21794 | Gauntlet | Found a transporter.
 22034 | Gauntlet | Paralysed by a great orb of eyes for 5 turns
 22093 | Gauntlet | Identified the +2 pair of boots of Analysis {rPois rN+
                  | Stlth+}
 22403 | Orc:1    | Entered Level 1 of the Orcish Mines
 22483 | Orc:1    | Found a runed translucent door.
 22614 | Orc:1    | Noticed Zvl3's ghost (journeyman MiFi)
 22761 | D:9      | Killed elongatedgoose's ghost
 22804 | D:9      | Paralysed by a kobold brigand for 3 turns
 22962 | D:4      | Bought a book of Armaments for 468 gold pieces
 22967 | D:4      | Learned a level 4 spell: Animate Armour
 23243 | Orc:2    | Entered Level 2 of the Orcish Mines
 23673 | Orc:2    | Found Jebropo's General Store.
 23701 | Orc:2    | Noticed an orc warlord
 23701 | Orc:2    | Found Upsammao's Antique Weapon Shoppe.
 23772 | Orc:2    | Reached XP level 16. HP: 128/130 MP: 27/27
 23890 | Orc:2    | Found Unid's Jewellery Boutique.
 23900 | Orc:2    | Found a staircase to the Elven Halls.
 24118 | Orc:2    | Reached skill level 15 in Invocations
 24411 | Orc:2    | Found Hisix's Antique Armour Shop.
 24651 | Orc:2    | Bought a glowing cloak for 292 gold pieces
 25351 | D:14     | Noticed Agnes
 25370 | D:14     | Killed Agnes
 25543 | D:14     | Reached skill level 1 in Summonings
 25953 | D:15     | Entered Level 15 of the Dungeon
 26009 | D:15     | Noticed Jorgrun
 26241 | D:15     | Killed Jorgrun
 27960 | D:15     | Found a staircase to the Depths.
 27960 | D:15     | Noticed an emperor scorpion
 27990 | D:15     | Killed an emperor scorpion
 28796 | Spider:1 | Entered Level 1 of the Spider Nest
 29112 | Shoals:1 | Entered Level 1 of the Shoals
 29112 | Shoals:1 | Noticed Louise
 29264 | Abyss:3  | Cast into level 3 of the Abyss (Louise)
 29445 | Abyss:3  | Noticed a tentacled starspawn
 29458 | Abyss:3  | Killed a tentacled starspawn
 29472 | Abyss:3  | Reached skill level 1 in Earth Magic
 29522 | Abyss:3  | Noticed a bone dragon
 29532 | Abyss:3  | Noticed a tentacled starspawn
 29577 | Abyss:3  | Killed a bone dragon
 29578 | Abyss:3  | Reached XP level 17. HP: 34/138 MP: 28/28
 29584 | Abyss:3  | Killed a tentacled starspawn
 30074 | Lair:2   | Escaped the Abyss
 30100 | Lair:1   | Reached skill level 5 in Staves
 30512 | Orc:2    | Bought a ring of resist corrosion for 240 gold pieces
 32921 | Lair:3   | HP: 6/139 [wolf spider (15)]
 32921 | Lair:3   | Slain by a wolf spider

Illustrated notes

Levels and vault maps discovered:
D:1:      mrwooster_arrival_statue_3, layout_rooms
D:2:      layout_basic, hellmonk_ecumenical_altar_zigzags, st_stairs_9,
          minmay_misc_feat_four_crosses
D:3:      layout_loops_corners, lightli_temple_of_fire,
          nicolae_elevator_lobby_asterisk, uniq_grinder, uniq_crazy_yiuf_cottage
D:4:      layout_basic, kennysheep_slug_shrine, serial_shops,
          nicolae_shop_behind_doors, uniq_eustachio
D:5:      layout_basic, gup_sewer_entry_spiral,
          minmay_a_box_with_orc_wizards_in_it
D:6:      layout_basic, eat_drink_and_be_merry_uskayaw, amcnicky_altar_gilded,
          temple_fountains, pf_guarded_unrand_meek, uniq_edmund
D:7:      layout_loops_corners, mainiacjoe_overflow_divided_tiny, uniq_duvessa,
          uniq_maggie
D:8:      layout_loops_ring, lemuel_coloured_pillars_altar
D:9:      layout_grid_maze, gammafunk_ghost_nasty_kobolds, uniq_gastronok,
          uniq_psyche
D:10:     layout_long_grid, regret_index_temple_of_mockery,
          due_lair_maze_entry_diamond, uniq_urug
D:11:     layout_loops_corners, serial_shops, bzr_firewalk
D:12:     layout_rooms, david_orc_5
D:13:     layout_roguey, lightli_vaults_fourway_checkpoint, serial_curves,
          eino_curves_03, eino_curves_03, eino_curves_01, eino_curves_01
D:14:     layout_stronghold, gauntlet_entry_generic, minivault_4, uniq_agnes
D:15:     hangedman_depths_entry_try_elsewhere_first, layout_basic,
          grunt_decor_fettered, minmay_splitting_lines, uniq_jorgrun
Temple:   hellmonk_temple_divided_pantheon
Lair:1:   layout_layer_cave, st_stairs_8, hangedman_tree_tricks,
          chequers_serial_rivers_small_3
Lair:2:   layout_regular_city, nicolae_shoals_entry_roost, serial_bayou_shore_a,
          infiniplex_staircase_pool_2, grunt_megastairs_4
Lair:3:   layout_chaotic_city, spider_nest_entry_webs, minivault_27
Lair:4:   layout_regular_city, minmay_slime_entry_oklob_open
Lair:5:   grunt_lair_end_beastmaster, layout_small_grid, grunt_megastairs_3,
          infiniplex_staircase_pool, serial_bayou_shore_b
Shoals:1: layout_shoals, uniq_kirke, uniq_louise
Spider:1: layout_spider_delve
Orc:1:    layout_diamond_mine, ebering_ghost_reflecting_pool
Orc:2:    grunt_orc_gardens, layout_caves, grunt_orc_garden, grunt_orc_garden,
          grunt_orc_garden, grunt_orc_garden

Skill      XL: |  1  2  3  4  5  6  7  8  9 10 11 12 13 14 15 16 17 |
---------------+----------------------------------------------------+-----
Fighting       | 4 5 6 7 8 9 10 11 12 13 14 | 14.2
Polearms       | 4 5 6 7 8 9 10 11 12 13 | 13.2
Dodging        | 4 5 6 7 8 9 10 11 12 13 14 | 14.1
Armour         | 2 3 5 6 7 8 10 11 12 | 12.6
Throwing       | 1 3 5 6 |  6.0
Staves         | 1 4 5 |  5.6
Invocations    | 2 4 7 10 12 14 15 | 15.0
Air Magic      | 2 3 |  3.0
Summonings     | 3 |  3.8
Earth Magic    | 1 3 |  3.4

Action                     |  1- 3 |  4- 6 |  7- 9 | 10-12 | 13-15 | 16-18 || total
---------------------------+-------+-------+-------+-------+-------+-------++-------
  Melee: Spear             |   138 |    51 |       |       |       |       ||   189
         Trident           |       |    53 |   344 |       |       |       ||   397
         Quarterstaff      |       |       |    38 |   598 |  1233 |   920 ||  2789
         Unarmed           |       |       |       |     3 |       |       ||     3
  Throw: Dart              |       |       |    18 |    22 |    45 |     8 ||    93
         Javelin           |       |       |     5 |    41 |    53 |    59 ||   158
         Boomerang         |       |       |       |     2 |       |    37 ||    39
   Cast: Swiftness         |       |       |       |       |     1 |     1 ||     2
         Animate Armour    |       |       |       |       |       |     7 ||     7
 Invoke: Recite            |       |       |     4 |    12 |    32 |    36 ||    84
         Vitalisation      |       |       |     3 |     8 |    27 |    24 ||    62
         Donate Gold       |       |       |     1 |       |       |       ||     1
         Imprison          |       |       |       |     2 |     1 |     1 ||     4
  Evoke: Wand              |       |     5 |    15 |    11 |    12 |    11 ||    54
         Phantom mirror    |       |       |       |     2 |     1 |     2 ||     5
         Phial of floods   |       |       |       |       |     1 |     2 ||     3
    Use: Scroll            |       |     2 |     6 |    10 |    10 |    17 ||    45
         Potion            |       |       |     2 |     2 |     4 |     6 ||    14
   Stab: Sleeping          |     1 |       |       |       |       |       ||     1
         Paralysed         |       |    12 |    48 |       |    13 |    15 ||    88
         Invisible         |       |       |       |     1 |     5 |     8 ||    14
         Petrifying        |       |       |       |       |     1 |       ||     1
         Confused          |       |       |       |       |    11 |     2 ||    13
         Distracted        |       |       |       |       |       |     1 ||     1
 Armour: Robe              |    32 |       |       |       |       |       ||    32
         Leather armour    |       |     8 |    16 |       |       |       ||    24
         Scale mail        |       |    12 |   128 |       |       |       ||   140
         Ring mail         |       |       |       |   397 |   816 |   695 ||  1908
         Skin              |       |       |       |     2 |       |       ||     2
  Dodge: Dodged            |    81 |    37 |   263 |   609 |  1266 |  1291 ||  3547

Table legend: (Time is in decaauts)
 A = Elapsed time spent in this place.
 B = Non-inter-level travel time spent in this place.
 C = Inter-level travel time spent in this place.
 D = Time resting spent in this place.
 E = Time spent auto-exploring this place.
 F = Levels seen in this place.
 G = Mean time per level.
                   A        B        C        D        E       F      G
               +--------+--------+--------+--------+--------+-----+--------+
         Total |  32860 |  29343 |   3517 |   4804 |  11900 |  30 | 1095.3 |
       Dungeon |  18951 |  16597 |   2354 |   1907 |   7979 |  15 | 1263.4 |
        Temple |     36 |     29 |      7 |      0 |      6 |   1 |   36.0 |
          Lair |   9752 |   8896 |    856 |   2488 |   3182 |   5 | 1950.4 |
        Shoals |      9 |      9 |      0 |      0 |      0 |   1 |    9.0 |
   Spider Nest |    411 |    411 |      0 |     28 |     15 |   1 |  411.0 |
  Orcish Mines |   1956 |   1657 |    299 |     83 |    551 |   2 |  978.0 |
         Abyss |    782 |    782 |      0 |    235 |      0 |   2 |  391.0 |
        Bazaar |    254 |    254 |      0 |     47 |      2 |   1 |  254.0 |
         Sewer |    163 |    163 |      0 |     10 |      0 |   1 |  163.0 |
      Gauntlet |    541 |    541 |      0 |      5 |    165 |   1 |  541.0 |
               +--------+--------+--------+--------+--------+-----+--------+

Top non-repeatable levels by time:
  Lair:3: 3300 daAuts
    D:15: 2050 daAuts
  Lair:4: 1791 daAuts
  Lair:2: 1787 daAuts
     D:9: 1717 daAuts
    D:10: 1664 daAuts
    D:14: 1639 daAuts
  Lair:5: 1552 daAuts
    D:13: 1499 daAuts
    D:11: 1431 daAuts
  Lair:1: 1321 daAuts
   Orc:2: 1305 daAuts
     D:7: 1239 daAuts
     D:3: 1228 daAuts
     D:5: 1085 daAuts
